 Dungeon Crawl Stone Soup version 0.30.1-3-gfc49f6343a (webtiles) character file.

Game seed: 1895540088535924473

329 Pepete the Firebug (level 6, -2/41 HPs)
             Began as a Demonspawn Fire Elementalist on July 25, 2023.
             Slain by Edmund
             ... wielding a +4 flail of protection
              (7 damage)
             ... on level 4 of the Dungeon.
             The game lasted 00:06:09 (8951 turns).

Pepete the Firebug (Demonspawn Fire Elementalist)   Turns: 8951, Time: 00:06:10

Health: -2/41      AC:  4    Str:  8    XL:     6   Next: 25%
Magic:  7/11       EV: 12    Int: 19    God:
Gold:   154        SH:  0    Dex: 13    Spells: 9/12 levels left

rFire   . . .        (no weapon)
rCold   . . .        (no shield)
rNeg    . . .        a - +0 robe
rPois   .            (no helmet)
rElec   .            x - +0 cloak
rCorr   .            l - +0 pair of gloves
SInv    .            (boots unavailable)
Will    .....        (no amulet)
Stlth   ++           (no ring)
HPRegen 0.26/turn    (no ring)
MPRegen 0.12/turn

%: no passive effects
@: very slightly contaminated
A: hooves 3
a: no special abilities


You were on level 4 of the Dungeon.
You visited 1 branch of the dungeon, and saw 4 of its levels.

You collected 154 gold pieces.

Inventory:

Hand Weapons
 g - a +0 dagger
Armour
 a - a +0 robe (worn)
 f - a +0 cloak
 l - a +0 pair of gloves (worn)
 x - a +0 cloak (worn)
Magical Staves
 e - a staff of cold
Jewellery
 h - an amulet of magic regeneration
 r - a ring of poison resistance
 u - a ring of resist corrosion
Wands
 k - a wand of polymorph (13)
Scrolls
 m - a scroll of torment
 n - a scroll of summoning {unknown}
 q - a scroll of teleportation {unknown}
 s - 2 scrolls of poison
 w - a scroll of blinking {unknown}
 y - a scroll of identify
Potions
 c - 2 potions of flight
 d - a potion of resistance
 i - a potion of attraction
 j - 3 potions of mutation
 o - a potion of haste {unknown}
 p - 2 potions of degeneration
 t - a potion of curing {unknown}
 v - 2 potions of might {unknown}


   Skills:
 - Level 1.7 Dodging
 - Level 1.7 Stealth
 + Level 3.8 Spellcasting
 + Level 3.7 Conjurations
 + Level 4.3 Fire Magic


You had 9 spell levels left.
You knew the following spells:

 Your Spells              Type           Power      Damage    Failure   Level
a - Foxfire               Conj/Fire      72%        2x1d7     2%          1
b - Scorch                Fire           40%        2d6       3%          2

Your spell library contained the following spells:

 Spells                   Type           Power      Damage    Failure   Level
 Magic Dart               Conj           68%        1d6       3%          1
 Necrotise                Necr           12%        1d4       14%         1
 Inner Flame              Hex/Fire       11%        N/A       17%         3
 Volatile Blastmotes      Fire/Tloc      22%        2d11      17%         3
 Call Imp                 Summ           6%         N/A       22%         2
 Mephitic Cloud           Conj/Pois/Air  8%         N/A       26%         3
 Flame Wave               Conj/Fire      18%        2d7       26%         4
 Call Canine Familiar     Summ           3%         N/A       38%         3
 Portal Projectile        Hex/Tloc       6%         N/A       38%         3
 Vampiric Draining        Necr           3%         2d6       38%         3
 Leda's Liquefaction      Hex/Erth       1%         N/A       80%         4
 Agony                    Necr           3%         N/A       98%         5


Dungeon Overview and Level Annotations

Branches:
Dungeon (4/15)
 Temple: D:4-7

Altars:

Annotations:
D:4 1 runed translucent door, Edmund; nalyd1's ghost, amateur FeCj


Innate Abilities, Weirdness & Mutations

You have hooves in place of feet.


Message History

Confirm with . or Enter, or press ? or * to list all spells.
Flames lash Edmund but do no damage.
The foxfire hits Edmund but does no damage.
Edmund is lightly wounded.
Edmund says, "I'm quite good with sums, too."
Edmund barely misses you.
You conjure some foxfire!
Edmund hits you with a +4 flail of protection!
Casting: Foxfire (safe; 2% risk of failure)
Confirm with . or Enter, or press ? or * to list all spells.
You don't have enough magic to cast this spell.
Unknown command.
Unknown command.
Casting: Foxfire (safe; 2% risk of failure)
Confirm with . or Enter, or press ? or * to list all spells.
You don't have enough magic to cast this spell.
Magic courses through your body.
The foxfire hits Edmund!
Edmund is burned terribly!
Edmund is moderately wounded.
Edmund hits you with a +4 flail of protection.
You conjure some foxfire!
Edmund is no longer more vulnerable to fire.
Edmund hits you with a +4 flail of protection!
Casting: Foxfire (safe; 2% risk of failure)
Confirm with . or Enter, or press ? or * to list all spells.
Flames lash Edmund.
Edmund is heavily wounded.
Edmund's fire resistance burns away.
The foxfire hits Edmund but does no damage.
Edmund is heavily wounded.
Edmund hits you with a +4 flail of protection!
* * * LOW HITPOINT WARNING * * *
You are too injured to fight recklessly!
Casting: Scorch (safe; 3% risk of failure)
Confirm with . or Enter, or press ? or * to list all spells.
You miscast Scorch.
You are very lightly contaminated with residual magic.
Nothing appears to happen.
Edmund hits you with a +4 flail of protection!
You die...

#. .. #) #. ## #.
#. ##### #. #...###
#. #.....#
#@##########.....##
#.@v.........^...'.
###########..(...##
#......# #......##
#.##+#..#
#.##...)รท
#.##..... #.#...#+#
#....##W#


You could see Edmund (combustible, ally target).

Vanquished Creatures
  Sigmund (D:3)
  Crazy Yiuf (D:4)
  Natasha (D:4)
  4 adders
  4 worms
  2 dart slugs
  2 orcs (D:4)
  5 ball pythons
  5 bats
  5 endoplasms
  4 giant cockroaches
  5 goblins
  7 hobgoblins
  4 jackals (D:2)
  A frilled lizard (D:2)
  6 kobolds
  3 rats
60 creatures vanquished.

Vanquished Creatures (others)
  328 foxfires
328 creatures vanquished.

Grand Total: 388 creatures vanquished

Notes
Turn   | Place    | Note
-------+----------+-------------------------------------------
     0 | D:1      | Pepete the Demonspawn Fire Elementalist began the quest for
                  | the Orb.
     0 | D:1      | Reached XP level 1. HP: 13/13 MP: 3/3
  1398 | D:1      | Gained mutation: You have large cloven feet. [demonic
                  | ancestry]
  1398 | D:1      | Reached XP level 2. HP: 19/19 MP: 3/5
  1983 | D:1      | Reached skill level 3 in Fire Magic
  2552 | D:2      | Learned a level 2 spell: Scorch
  3390 | D:2      | Gained mutation: You have hoof-like feet. [demonic
                  | ancestry]
  3390 | D:2      | Reached XP level 3. HP: 24/24 MP: 0/6
  5526 | D:2      | Reached XP level 4. HP: 30/30 MP: 5/8
  6250 | D:3      | Noticed Sigmund
  6273 | D:3      | Killed Sigmund
  6274 | D:3      | Reached skill level 4 in Fire Magic
  6274 | D:3      | Reached XP level 5. HP: 35/35 MP: 4/10
  7021 | D:3      | Found a faded altar of an unknown god.
  7492 | D:4      | Gained mutation: You have hooves in place of feet. [demonic
                  | ancestry]
  7492 | D:4      | Reached XP level 6. HP: 41/41 MP: 3/11
  7659 | D:4      | Found a runed translucent door.
  7660 | D:4      | Identified the +0 hammer of the Open Hand {elec, rN+ rCorr
                  | Str-2}
  7660 | D:4      | Noticed Crazy Yiuf
  7666 | D:4      | Killed Crazy Yiuf
  7990 | D:4      | Noticed Natasha
  7993 | D:4      | Killed Natasha
  8400 | D:4      | Noticed nalyd1's ghost (amateur FeCj)
  8401 | D:4      | Found a runed translucent door.
  8940 | D:4      | Noticed Edmund
  8951 | D:4      | Slain by Edmund

Illustrated notes

Levels and vault maps discovered:
D:1:      scummos_arrival_hexagon, layout_loops_corners,
          chequers_serial_rivers_room_a
D:2:      minmay_razor_zed, layout_basic, minmay_misc_feat_roman
D:3:      layout_loops_ring, ebering_ecumenical_altar_webs, uniq_sigmund
D:4:      layout_basic, hellmonk_ghost_happy_afterlife,
          minmay_increasing_density, uniq_natasha, uniq_crazy_yiuf_cottage,
          uniq_edmund

Skill      XL: |  1  2  3  4 |
---------------+-------------+-----
Fire Magic     | 3 4 |  4.3
Conjurations   | 2 3 |  3.7
Spellcasting   | 3 |  3.8
Dodging        | |  1.7
Stealth        | |  1.7

Action                     |  1- 3 |  4- 6 || total
---------------------------+-------+-------++-------
   Cast: Foxfire           |   116 |    85 ||   201
         Scorch            |       |    13 ||    13
    Use: Scroll            |     2 |     4 ||     6
         Potion            |       |     3 ||     3
 Armour: Robe              |     5 |     3 ||     8
         Skin              |       |     6 ||     6
  Dodge: Dodged            |    21 |    12 ||    33
